AoeStats
← skyporter

Hill Fort

506144308Analyzed
2v2 RM · 21d ago on Sep 12, 2026· 37m 59s· 4 players
Game mode
Random Map
Map size
Medium (4 player)
Population
200
Speed
Normal
Resources
Standard
Victory
Conquest
Starting age
Dark Age
Ending age
Imperial Age
RankedLock teamsTeams togetherTeam positionsShared explorationLock speedFull tech treeHidden civsTurbo modeCheats
Victory
Defeat
🇮🇳 Byzantines · India
840
+17
🇮🇳 Malay · India
815
+17
🇺🇸 Britons · United States
853
-36
🇨🇭 Japanese · Switzerland
853
-36
LeLoi448
12:22 Feudal Age
12:49 Double-Bit Axe
12:45 Horse Collar
18:33 Wheelbarrow
21:03 Castle Age
21:25 Fletching
21:14 Pikeman
22:11 Hand Cart
22:43 Forging
23:13 Husbandry
24:05 Loom
24:05 Fishing Lines
24:43 Thumb Ring
25:41 Heavy Plow
25:40 Bodkin Arrow
26:52 Squires
27:12 Gillnets
29:30 Iron Casting
29:35 Elite Skirmisher
34:33 Imperial Age
33:27 Padded Archer Armor
33:03 Light Cavalry
33:58 Caravan
35:19 Bracer
36:33 Ballistics
37:53 Chemistry
balaji.rmnn
9:56 Loom
12:29 Feudal Age
12:37 Horse Collar
13:10 Double-Bit Axe
13:43 Man-at-Arms
21:29 Castle Age
20:19 Forging
20:37 Arson
22:04 Iron Casting
24:02 Bow Saw
26:24 Thumb Ring
26:13 Elite Skirmisher
29:12 Fletching
33:35 Imperial Age
32:31 Wheelbarrow
32:45 Bodkin Arrow
34:56 Hand Cart
skyporter
10:08 Feudal Age
10:04 Loom
10:42 Double-Bit Axe
12:00 Fletching
12:10 Padded Archer Armor
14:43 Horse Collar
20:59 Castle Age
19:23 Scale Mail Armor
21:17 Town Watch
21:54 Bow Saw
23:30 Bodkin Arrow
26:19 Gold Mining
27:23 Leather Archer Armor
28:19 Pikeman
30:09 Stone Mining
32:40 Gold Shaft Mining
32:10 Town Patrol
32:16 Man-at-Arms
34:19 Chain Mail Armor
34:14 Forging
34:22 Long Swordsman
35:35 Gambesons
SquishySourSquid
9:19 Loom
11:35 Feudal Age
13:20 Wheelbarrow
16:20 Town Watch
16:23 Horse Collar
36:26 Castle Age
34:33 Padded Archer Armor
34:24 Fletching
Connection lost

Rejoining the realm…

Still unreachable

The connection could not be restored.

Session expired

The server has moved on; the page needs a fresh start.